 Dungeon Crawl Stone Soup version 0.25-b1-37-g2669288c55 (webtiles) character file.

Game seed: 17542404540966178028

13 Acheron the Gusty (level 2, -1/17 HPs)
             Began as a Tengu Wanderer on June 5, 2020.
             Was an Initiate of Okawaru.
             Slain by an iguana (14 damage)
             ... on level 4 of the Dungeon.
             The game lasted 00:05:07 (967 turns).

Acheron the Gusty (Tengu Wanderer)                   Turns: 967, Time: 00:05:08

Health: -1/17      AC:  3    Str: 11    XL:     2   Next: 37%
Magic:  0/3        EV: 11    Int: 13    God:    Okawaru [......]
Gold:   44         SH:  0    Dex: 13    Spells: 0/1 levels left

rFire    . . .     SeeInvis .   a - +2 dagger
rCold    . . .     Gourm    .   (no shield)
rNeg     . . .     Faith    .   q - +0 leather armour
rPois    .         Spirit   .   (helmet restricted)
rElec    .         Reflect  .   (no cloak)
rCorr    .         Harm     .   (no gloves)
MR       .....                  (boots unavailable)
Stlth    +.........             (no amulet)
HPRegen  0.05/turn              (no ring)
MPRegen  0.08/turn              (no ring)

@: very slightly contaminated
A: beak, talons 3
a: Renounce Religion


You were on level 4 of the Dungeon.
You worshipped Okawaru.
Okawaru was noncommittal.
You were not hungry.

You visited 1 branch of the dungeon, and saw 5 of its levels.

You collected 44 gold pieces.

Inventory:

Hand Weapons
 a - a +2 dagger (weapon)
 c - a +0 short sword
Missiles
 j - 50 stones (quivered)
Armour
 e - a +0 robe
 h - a +0 ring mail
 n - a cursed +0 chain mail
 q - a +0 leather armour (worn)
Jewellery
 m - an uncursed ring of flight {unknown}
Scrolls
 d - a scroll of magic mapping {unknown}
 i - a scroll of enchant armour {unknown}
 l - a scroll of random uselessness {unknown}
 o - a scroll of identify {unknown}
Potions
 b - a potion of heal wounds
 g - 2 potions of resistance {unknown}
 k - a potion of berserk rage {unknown}
 p - 2 potions of flight {unknown}
Comestibles
 f - 2 rations
 r - a chunk of flesh


   Skills:
 * Level 2.1 Fighting
 * Level 2.2 Short Blades
 * Level 0.4 Armour
 * Level 1.2 Dodging
 * Level 1.2 Stealth
   Level 1.0 Shields
 * Level 0.1 Spellcasting
 * Level 0.2 Conjurations
 * Level 4.4 Air Magic


You couldn't memorise any spells.
You knew the following spells:

 Your Spells              Type           Power        Failure   Level  Hunger
a - Shock                 Conj/Air       #...         16%         1    ##.....

Your spell library contained the following spells:

 Spells                   Type           Power        Failure   Level  Hunger
 Mephitic Cloud           Conj/Pois/Air  #.......     54%         3    ####...


Dungeon Overview and Level Annotations

Branches:
Dungeon (5/15)
 Temple: D:4-7

Altars:
Okawaru
Xom

Shops:
D:5 [

Annotations:
D:4 exclusion: upstairs


Innate Abilities, Weirdness & Mutations

You have a beak for a mouth.
You have claws for feet.


Message History

Press: ? - help, Shift-Dir - straight line, f/p - iguana
Aim: an iguana The zap misses the iguana.
Casting: Shock (safe; 16% risk of failure)
Confirm with . or Enter, or press ? or * to list all spells.
Aiming: Shock (safe; 16% risk of failure)
Press: ? - help, Shift-Dir - straight line, f/p - iguana
Aim: an iguana The zap misses the iguana.
The iguana bites you.
You hit the iguana but do no damage. Your kick misses the iguana.
Your peck misses the iguana. The iguana misses you.
You hit the iguana.
The iguana is moderately wounded.
You hit the iguana but do no damage. You claw the iguana.
Your peck misses the iguana.
The iguana is heavily wounded.
The iguana bites you!
Ouch! That really hurt!
You die...

....##.....
............##............
.............#............
........... .........$...
.......................#
.............#.........#
.............##.##....##
...........###..##.....##
................@ls.....#
...............####..#..#
.........##....#.###...#
.........###...........#
...............##.......#
...........#.............#
.......#..##......###....#
#......##.....##.## #...
##.#...##..#...#.#


You could see an iguana and a giant cockroach.

Vanquished Creatures
  3 giant cockroaches
  A goblin (D:1)
  A hobgoblin (D:1)
  A kobold (D:1)
  A ball python skeleton (D:4)
  2 bats (D:1)
  2 frilled lizards (D:1)
  A quokka zombie (D:5)
12 creatures vanquished.

Notes
Turn   | Place    | Note
-------+----------+-------------------------------------------
     0 | D:1      | Acheron the Tengu Wanderer began the quest for the Orb.
     0 | D:1      | Acheron set off with the following items: a +2 dagger, a
                  | potion of heal wounds, a +0 short sword, a +0 robe, a
                  | ration; and the following spell memorised: Shock; and the
                  | following spells available to memorise: Mephitic Cloud
     0 | D:1      | Reached XP level 1. HP: 12/12 MP: 2/2
   308 | D:1      | Reached XP level 2. HP: 17/17 MP: 3/3
   838 | D:4      | Found an iron altar of Okawaru.
   842 | D:4      | Found a shimmering altar of Xom.
   848 | D:4      | Became a worshipper of Warmaster Okawaru
   901 | D:5      | Entered Level 5 of the Dungeon
   901 | D:5      | Found Oguargh's Antique Armour Shop.
   967 | D:4      | Slain by an iguana

Illustrated notes

Levels and vault maps discovered:
D:1:      dpeg_arrival_simpleton_b, layout_basic
D:2:      layout_basic, lemuel_doored_altar, minmay_pentomino_r4
D:3:      minmay_razor_zed, layout_loops_ring, first_ration, uniq_natasha
D:4:      layout_cave_pools, minitemple, kennysheep_cross_bottleneck
D:5:      layout_cave_pools, zin_scriptorium, serial_shops,
          nicolae_shop_temple_entry_statues_fountains,
          nicolae_shop_competitors_out_of_business, shop, shop, shop,
          gammafunk_ghost_smash

Action                   || total
-------------------------++-------
Melee: Dagger            ||    27
       Peck              ||     2
       Kick              ||     1
 Cast: Shock             ||     2
 Stab: Sleeping          ||     1
Armor: Ring mail         ||     4
       Robe              ||     1
Dodge: Dodged            ||    16
